 Dungeon Crawl Stone Soup version 0.19-a0-1225-gf887c1c (webtiles) character file.

0 glosham the Skirmisher (level 1, -8/14 HPs)
             Began as a Kobold Abyssal Knight on Aug 25, 2016.
             Was a Follower of Lugonu.
             Mangled by a chaos spawn (10 damage)
             ... on level 2 of the Abyss.
             The game lasted 00:01:49 (96 turns).

glosham the Skirmisher (Kobold Abyssal Knight)        Turns: 96, Time: 00:01:50

Health: -8/14      AC:  3    Str: 10    XL:     1   Next: 0%
Magic:  2/2        EV: 14    Int: 10    God:    Lugonu [*.....]
Gold:   16         SH:  0    Dex: 15    Spells: 0 memorised, 0 levels left

rFire  . . .     SeeInvis .     a - +1 short sword
rCold  . . .     Gourm    .     b - +0 leather armour
rNeg   . . .     Faith    .     (shield restricted)
rPois  .         Spirit   .     (no helmet)
rElec  .         Dismiss  .     (no cloak)
rCorr  .         Reflect  .     (no gloves)
MR     .....     Harm     .     (no boots)
Stlth  +.........               (no amulet)
                                (no ring)
                                (no ring)

@: no status effects
A: carnivore 3
a: Depart the Abyss, Renounce Religion


You were on level 2 of the Abyss.
You worshipped Lugonu.
Lugonu was aware of your devotion.
You were not hungry.

You visited 0 branches of the dungeon, and saw 0 of its levels.
You visited the Abyss 1 time.

You collected 16 gold pieces.

Inventory:

Hand Weapons
 a - a +1 short sword (weapon)
Missiles
 e - 33 stones (quivered)
Armour
 b - a +0 leather armour (worn)
Potions
 d - a potion of curing
Comestibles
 c - a meat ration


   Skills:
 - Level 3.2 Fighting
 - Level 2.6 Short Blades
 - Level 0.7 Armour
 - Level 2.4 Dodging
 + Level 0.0 Stealth
 - Level 2.0 Invocations


You couldn't memorise any spells.
You didn't know any spells.

Dungeon Overview and Level Annotations

Branches:
Dungeon (0/15)

Altars:


Innate Abilities, Weirdness & Mutations

You are small and have problems with some larger weapons.
You are carnivorous and can eat meat at any time.


Message History

Found a gateway leading out of the Abyss.
You see here 16 gold pieces.
You now have 16 gold pieces.
The lurking horror explodes!
Your body is wracked with pain!
A white imp comes into view.
Found a fizzy orange potion.
An ufetubus comes into view.
The ufetubus shouts!
The ufetubus moves out of view.
A large abomination comes into view.
The large abomination moves out of view.
You see here a fizzy orange potion.
d - 2 fizzy orange potions (gained 1)
The ufetubus hits you. The ufetubus misses you.
The ufetubus closely misses you. x2
Okay, then.
Unknown command.
Unknown command.
It was a potion of curing.
You feel better. The ufetubus completely misses you.
The ufetubus closely misses you. The ufetubus misses you.
The ufetubus barely misses you. The ufetubus hits you. x2
The ufetubus hits you. The ufetubus misses you. The ufetubus hits you.
The ufetubus closely misses you. The ufetubus barely misses you.
The ufetubus closely misses you. The ufetubus completely misses you.
The ufetubus misses you.
A small abomination comes into view.
The ufetubus barely misses you. x2
The ufetubus hits you.
* * * LOW HITPOINT WARNING * * *
The ufetubus closely misses you.
Found a gateway leading out of the Abyss.
A chaos spawn comes into view.
The chaos spawn trumpets!
The ufetubus closely misses you. The ufetubus barely misses you.
The ufetubus misses you. The ufetubus closely misses you.
The chaos spawn gores you!
Ouch! That really hurt!
You die...

. ### . ...#
.## ##.. #.. .
#....#.#
#......#.# #
#...#....##.#.#
. #.# #4@...#
...#x# #5#....#
#∩..##.#..###
####. x####.#
#.....#.# .# .
.#....## . .
#.##X## . #.
#.#.# ## ..#
##..#


You could see a chaos spawn, a small abomination and an ufetubus.

Vanquished Creatures (others)
  A lurking horror (Abyss:2)
1 creature vanquished.

Notes
Turn   | Place    | Note
-------+----------+-------------------------------------------
     0 | Abyss:1  | glosham the Kobold Abyssal Knight began the quest for the Orb.
     0 | Abyss:1  | Reached XP level 1. HP: 14/14 MP: 2/2
    26 | Abyss:2  | Noticed a wretched star
    68 | Abyss:2  | Noticed a large abomination
    89 | Abyss:2  | Noticed a small abomination
    93 | Abyss:2  | Noticed a chaos spawn
    96 | Abyss:2  | Mangled by a chaos spawn

Vault maps used:
Abyss:2:  bh_abyss_exit_spiral, bh_abyss_exit_grid

Action                   || total
-------------------------++-------
  Use: Potion            ||     1
Dodge: Dodged            ||    20

Table legend:
 A = Turns spent in this place as a percentage of turns spent in the entire game.
 B = Non-inter-level travel turns spent in this place as a percentage of non-inter-level travel turns spent in the entire game.
 C = Inter-level travel turns spent in this place as a percentage of turns spent in this place.
 D = Turns resting spent in this place as a percentage of non-inter-level travel turns spent in this place.
 E = Turns spent auto-exploring this place as a percentage of non-inter-level travel turns spent in this place.
 F = Non-inter-level travel turns spent in this place divided by the number of levels of this place that you've seen.
                   A       B       C       D       E      F
               +-------+-------+-------+-------+-------+----------------------
         Total | 100.0 | 100.0 |   0.0 |   0.0 |   0.0 |  50.0
         Abyss | 100.0 | 100.0 |   0.0 |   0.0 |   0.0 |  50.0
               +-------+-------+-------+-------+-------+----------------------

Vault maps used:
Abyss:2:  bh_abyss_exit_spiral, bh_abyss_exit_grid
